 Dungeon Crawl Stone Soup version 0.25.1-2-g60ff931df9 (webtiles) character file.

Game seed: 18435602154890134681

18130 CrazyMind the Destroyer (level 12, -6/97 HPs)
             Began as a Grey Draconian Conjurer on Sept 2, 2020.
             Was an Elder of Sif Muna.
             Mangled by Saint Roka
             ... wielding a +0 war axe
              (18 damage)
             ... on level 1 of the Orcish Mines on Sept 5, 2020.
             The game lasted 02:23:07 (17230 turns).

CrazyMind the Destroyer (Grey Draconian Conjurer)  Turns: 17230, Time: 02:23:07

Health: -6/97      AC: 18    Str: 10    XL:     12   Next: 25%
Magic:  0/25       EV: 18    Int: 23    God:    Sif Muna [****..]
Gold:   892        SH:  0    Dex: 18    Spells: 18/30 levels left

rFire    . . .     SeeInvis .   a - +6 war axe of Superiority {venom, Dex+4}
rCold    . . .     Gourm    .   (no shield)
rNeg     . . .     Faith    .   (armour unavailable)
rPois    +         Spirit   .   (helmet restricted)
rElec    .         Reflect  .   C - +0 cloak
rCorr    .         Harm     .   f - +2 pair of gloves
MR       +....                  y - +0 pair of boots
Stlth    ++........             K - amulet "Diq Fuin" {MR+ Regen+ Int+4}
HPRegen  0.66/turn              P - ring of flight
MPRegen  0.19/turn              k - ring of poison resistance

@: very slightly contaminated, hasted, invisible, very quick
A: walk through water, unfitting armour, unbreathing, cold-blooded, AC +13
a: Channel Magic, Forget Spell, Divine Exegesis, Renounce Religion, Evoke Flight


You were on level 1 of the Orcish Mines.
You worshipped Sif Muna.
Sif Muna was greatly pleased with you.
You were hungry.

You visited 4 branches of the dungeon, and saw 15 of its levels.

You collected 892 gold pieces.

Inventory:

Hand Weapons
 a - the +6 war axe of Superiority (weapon) {venom, Dex+4}
   (You found it on level 5 of the Dungeon)

   It poisons the flesh of those it strikes.
   It affects your dexterity (+4).
 i - a +5 spear
Missiles
 c - 232 stones
 h - 11 boomerangs
 j - 18 poisoned darts (quivered)
 G - a throwing net
 Y - 13 javelins
Armour
 f - a +2 pair of gloves (worn)
 y - a +0 pair of boots (worn)
 C - a +0 cloak (worn)
Magical Staves
 b - an uncursed staff of conjuration
Jewellery
 d - a +4 ring of protection
 k - a ring of poison resistance (right hand)
 r - an uncursed ring of wizardry
 E - an uncursed ring of protection from fire
 I - an uncursed ring of protection from cold
 K - the amulet "Diq Fuin" (around neck) {MR+ Regen+ Int+4}
   (You took it off an orc on level 8 of the Dungeon)

   [amulet of regeneration]

   It affects your intelligence (+4).
   It affects your resistance to hostile enchantments.
   It increases your rate of regeneration.
 P - a ring of flight (left hand)
Wands
 v - a wand of flame (9)
 D - a wand of disintegration (42)
 F - a wand of clouds (4)
 V - a wand of iceblast (12)
 X - a wand of paralysis (6)
 Z - a wand of polymorph (13)
Scrolls
 e - 3 scrolls of remove curse
 n - 8 scrolls of identify
 q - 5 scrolls of teleportation
 u - 2 scrolls of amnesia
 z - a scroll of fog {unknown}
 A - a scroll of magic mapping {unknown}
 B - a scroll of vulnerability {unknown}
 S - a scroll of blinking {unknown}
Potions
 l - a potion of berserk rage {unknown}
 w - a potion of magic {unknown}
 x - 2 potions of haste
 H - a potion of heal wounds {unknown}
 J - a potion of might {unknown}
 L - a potion of stabbing {unknown}
 T - 2 potions of mutation
 U - a potion of flight {unknown}
 W - 2 potions of lignification
Miscellaneous
 M - a box of beasts
Comestibles
 N - 17 rations


   Skills:
 + Level 6.8 Fighting
 - Level 2.0 Axes
 - Level 1.0 Throwing
 + Level 7.9 Dodging
 - Level 2.0 Stealth
 + Level 9.6 Spellcasting
 + Level 11.6 Conjurations
 - Level 1.0 Hexes
 - Level 1.0 Translocations
 * Level 9.0 Invocations
 + Level 0.6 Evocations


You had 18 spell levels left.
You knew the following spells:

 Your Spells              Type           Power        Failure   Level  Hunger
a - Magic Dart            Conj           ####         1%          1    None
b - Searing Ray           Conj           ######       1%          2    None
c - Fulminant Prism       Conj/Hex       #####.....   4%          4    ##.....
d - Dazzling Flash        Conj/Hex       #####.       1%          3    None
e - Blink                 Tloc           N/A          6%          2    None

Your spell library contained the following spells:

 Spells                   Type           Power        Failure   Level  Hunger
 Iskenderun's Mystic Bla  Conj/Tloc      #####...     4%          4    ##.....
 Shroud of Golubria       Chrm/Tloc      ##....       8%          2    None
 Call Imp                 Summ           ##......     9%          2    None
 Sublimation of Blood     Necr           ##........   9%          2    None
 Swiftness                Chrm/Air       ##......     9%          2    None
 Recall                   Summ/Tloc      N/A          14%         3    None
 Summon Forest            Summ/Tloc      ##........   80%         5    ####...
 Summon Mana Viper        Hex/Summ       ##......     80%         5    ####...
 Aura of Abjuration       Summ           ##........   86%         5    ####...
 Summon Demon             Summ           ##........   86%         5    ####...
 Shadow Creatures         Summ           N/A          100%        6    ######.


Dungeon Overview and Level Annotations

Branches:
Dungeon (11/15)            Temple (1/1) D:5            Lair (1/6) D:10
    Orc (2/2) D:9
    Elf: Orc:2

Altars:
Ashenzari
Cheibriados
Dithmenos
Elyvilon
Fedhas
Gozag
Hepliaklqana
Kikubaaqudgha
Makhleb
Nemelex Xobeh
Okawaru
Qazlal
Ru
Sif Muna
Trog
Uskayaw
Vehumet
Wu Jian
Xom
Yredelemnul
Zin
The Shining One
Beogh

Shops:
D:4 %

Annotations:
D:4 2 runed translucent doors, BrickInstitution's ghost, amateur KoFi
D:9 exclusion: 2 downstairs
D:10 Erolcha
D:11 Erica
Lair:1 exclusion: hydra
Orc:1 exclusion: downstairs, Saint Roka
Orc:2 Nessos


Innate Abilities, Weirdness & Mutations

You can walk through water.
Your dull iron-grey scales are very hard. (AC +13)
You cannot fit into any form of body armour.
You can survive without breathing.
You are cold-blooded and may be slowed by cold attacks.


Message History

Unknown command.
You fade into invisibility!
Saint Roka looks more healthy.
You are very lightly contaminated with residual magic.
Press: ? - help, v - describe, . - travel
Here: Saint Roka, wielding a +0 war axe and wearing a +2 chain mail of cold resistance (flame, almost dead)
The floor.
Unknown command.
Saint Roka is engulfed in blazing flames.
Saint Roka shouts!
Casting: Fulminant Prism (dangerous; 4% risk of failure)
Confirm with . or Enter, or press ? or * to list all spells.
Aiming: Fulminant Prism (dangerous; 4% risk of failure)
Press: ? - help, Dir - move target cursor You conjure a prism of explosive energy!
A fulminant prism comes into view.
You slash Saint Roka!
Saint Roka is poisoned.
Saint Roka is almost dead.
Saint Roka hits you with a +0 war axe!!
You die...

##.#...............(.......#.##
####........#[....§......#....
##...........>○☼○°.......#...
##..............§°....##.###..
#....#.......)...°)....###....
##.####.#....<[*........#.....
#...# ##.....[[........>.#...#
##.## ##.....o.)..#..........
### ##....@....##.....##...
#......................
##.............#.......
#................#....
##.....##.#.#...##....
##.#...####.#.####...
##.......##.....# #...
##.......###....#####..
##.#.##...##.....##.#...


You could see Saint Roka (very poisoned) and a friendly fulminant prism.

Vanquished Creatures
  Snorg (Orc:1)
  Josephine (Orc:1)
  2 two-headed ogres
  Urug (Orc:1)
  Nergalle (D:10)
  An orc knight (Orc:2)
  An ugly thing (D:9)
  A deep elf mage (D:8)
  An oklob plant (D:3)
  An orc sorcerer (Orc:1)
  A komodo dragon (D:10)
  A troll (Orc:1)
  2 hornets
  Grinder (D:3)
  2 hippogriffs
  10 yaks
  5 wraiths
  Eustachio (D:5)
  A wyvern (D:8)
  A basilisk (Lair:1)
  Grum (D:10)
  2 hungry ghosts
  4 wargs
  Duvessa (D:7)
  A water moccasin (Lair:1)
  2 porcupines (Lair:1)
  3 ice beasts
  6 phantoms
  2 sky beasts
  A necrophage (D:8)
  13 orc warriors
  2 wolves
  6 ogres
  3 centaurs
  A crocodile (Lair:1)
  A big kobold (D:9)
  9 bullfrogs
  A wyvern skeleton (D:10)
  7 scorpions
  Dowan (D:7)
  A killer bee (D:8)
  2 howler monkeys
  6 wights (D:11)
  6 electric eels (D:6)
  4 crimson imps
  A quasit (D:6)
  9 hounds
  A centaur zombie (D:8)
  12 orc priests
  2 bullfrog skeletons
  2 jellies
  4 centaur skeletons
  12 orc wizards
  Terence (D:3)
  2 iguanas
  8 worker ants
  A howler monkey skeleton (D:5)
  11 adders
  A shadow imp (D:6)
  2 adder skeletons
  2 worms
  3 dart slugs
  6 leopard geckos
  49 orcs
  A ball python (D:2)
  5 bats
  6 giant cockroaches
  8 goblins
  4 hobgoblins
  12 jackals
  10 quokkas
  2 gnoll zombies (D:8)
  A jackal skeleton (D:9)
  11 kobolds
  A quokka skeleton (D:6)
  6 rats
  2 fulminant prisms
  2 fungi (D:3)
  16 plants
338 creatures vanquished.

Vanquished Creatures (others)
  An orc wizard (Orc:2)
  120 fulminant prisms
  2 plants (D:10)
123 creatures vanquished.

Grand Total: 461 creatures vanquished

Notes
Turn   | Place    | Note
-------+----------+-------------------------------------------
     0 | D:1      | CrazyMind the Draconian Conjurer began the quest for the
                  | Orb.
     0 | D:1      | Reached XP level 1. HP: 14/14 MP: 3/3
   177 | D:1      | Reached XP level 2. HP: 20/20 MP: 1/5
   185 | D:1      | Learned a level 2 spell: Searing Ray
   846 | D:2      | Reached XP level 3. HP: 19/26 MP: 4/6
  1317 | D:2      | Reached skill level 5 in Conjurations
  1570 | D:2      | Found a hazy altar of Hepliaklqana.
  1571 | D:2      | Found a shadowy altar of Dithmenos.
  1571 | D:2      | Noticed a shadow
  1958 | D:3      | Noticed Grinder
  1962 | D:3      | Paralysed by Grinder for 4 turns
  2322 | D:3      | Reached XP level 4. HP: 33/33 MP: 4/7
  2395 | D:3      | Noticed Terence
  2830 | D:3      | Reached XP level 5. HP: 33/38 MP: 4/9
  2888 | D:4      | Reached skill level 6 in Conjurations
  3051 | D:4      | Found a runed translucent door.
  3052 | D:4      | Noticed BrickInstitution's ghost (amateur KoFi)
  3093 | D:4      | Found a runed translucent door.
  3248 | D:4      | Found a shimmering blue altar of Sif Muna.
  3262 | D:4      | Became a worshipper of Sif Muna the Loreminder
  3398 | D:4      | Found Qunek's Food Shop.
  3415 | D:4      | Reached XP level 6. HP: 46/46 MP: 6/10
  3554 | D:5      | Entered Level 5 of the Dungeon
  3754 | D:5      | Found a staircase to the Ecumenical Temple.
  3772 | Temple   | Entered the Ecumenical Temple
  4128 | D:5      | Reached skill level 1 in Fighting
  4306 | D:5      | Found a shadowy altar of Dithmenos.
  4313 | D:5      | Got an ancient war axe
  4316 | D:5      | Identified the +6 war axe of Superiority {venom, Dex+4}
                  | (You found it on level 5 of the Dungeon)
  4385 | D:5      | Noticed Eustachio
  4397 | D:5      | Killed Eustachio
  4397 | D:5      | Reached skill level 7 in Conjurations
  4397 | D:5      | Your scales start taking on a dull iron-grey colour.
  4397 | D:5      | Reached XP level 7. HP: 46/52 MP: 4/12
  4397 | D:5      | Gained mutation: You can survive without breathing. [Grey
                  | Draconian growth]
  4406 | D:5      | Learned a level 4 spell: Fulminant Prism
  5254 | D:6      | Reached skill level 1 in Axes
  5402 | D:6      | Noticed a hungry ghost
  5461 | D:3      | Reached * piety under Sif Muna
  5493 | D:3      | Found a blossoming altar of Fedhas.
  5512 | D:3      | Noticed an oklob plant
  5673 | D:3      | Killed Grinder
  5673 | D:3      | Reached XP level 8. HP: 42/62 MP: 4/15
  5777 | D:3      | Learned a level 3 spell: Dazzling Flash
  5958 | D:3      | Killed Terence
  6312 | D:6      | Reached skill level 5 in Spellcasting
  6312 | D:6      | Reached skill level 8 in Conjurations
  6392 | D:6      | Reached skill level 1 in Invocations
  6555 | D:6      | Reached skill level 1 in Hexes
  6999 | D:6      | Found a glowing silver altar of Zin.
  7172 | D:6      | HP: 1/63 [centaur/arrow (13)]
  8111 | D:6      | Reached skill level 1 in Throwing
  8111 | D:6      | Reached XP level 9. HP: 68/69 MP: 4/17
  8463 | D:7      | Reached skill level 9 in Conjurations
  8635 | D:7      | Noticed Duvessa
  8635 | D:7      | Noticed Dowan
  9338 | D:8      | Identified the amulet "Diq Fuin" {MR+ Regen+ Int+4}
  9453 | D:8      | Noticed a two-headed ogre
  9517 | D:8      | Found a basalt altar of Yredelemnul.
  9598 | D:8      | Noticed a deep elf mage
  9727 | D:8      | Reached skill level 5 in Dodging
 10083 | D:8      | Reached ** piety under Sif Muna
 10083 | D:8      | Reached skill level 5 in Invocations
 10240 | D:8      | Identified Easy Rites and Rhymes
 10245 | D:8      | Learned a level 2 spell: Blink
 10474 | D:8      | Reached XP level 10. HP: 79/79 MP: 11/20
 10640 | D:8      | Killed a deep elf mage
 10730 | D:8      | Killed a two-headed ogre
 11410 | D:6      | Reached skill level 10 in Conjurations
 11644 | D:3      | Killed an oklob plant
 11830 | D:7      | Killed Dowan
 11847 | D:7      | Killed Duvessa
 12043 | D:9      | Reached skill level 5 in Fighting
 12162 | D:9      | Noticed a two-headed ogre
 12174 | D:9      | Killed a two-headed ogre
 12466 | D:9      | Reached *** piety under Sif Muna
 12482 | D:9      | Reached XP level 11. HP: 58/88 MP: 10/23
 13266 | D:9      | Found a staircase to the Orcish Mines.
 13383 | D:10     | Entered Level 10 of the Dungeon
 13392 | D:10     | Noticed Erolcha
 13520 | D:10     | Noticed Nergalle
 13593 | Orc:1    | Entered Level 1 of the Orcish Mines
 13763 | D:9      | Reached skill level 1 in Translocations
 14125 | Orc:1    | Noticed Josephine
 14176 | D:10     | Noticed Grum
 14233 | Orc:1    | Killed Josephine
 14234 | Orc:1    | Noticed Urug
 14260 | Orc:1    | Reached skill level 11 in Conjurations
 14268 | Orc:1    | Killed Urug
 14443 | Orc:1    | Noticed an orc sorcerer
 14578 | D:10     | Killed Nergalle
 14673 | D:10     | Reached **** piety under Sif Muna
 14726 | D:11     | Noticed a cyan ugly thing
 14748 | D:9      | Killed a cyan ugly thing
 15104 | D:11     | Noticed Erica
 15232 | Orc:1    | Killed an orc sorcerer
 15554 | Orc:2    | Entered Level 2 of the Orcish Mines
 15554 | Orc:2    | Found a roughly hewn altar of Beogh.
 15554 | Orc:2    | Noticed an orc knight
 15812 | D:10     | Killed Grum
 16039 | D:10     | Found a staircase to the Lair.
 16053 | D:10     | Reached XP level 12. HP: 70/97 MP: 14/25
 16109 | Lair:1   | Entered Level 1 of the Lair of Beasts
 16194 | Lair:1   | Noticed a five-headed hydra
 16773 | Orc:2    | Noticed Saint Roka
 16842 | Orc:2    | Noticed Snorg
 16881 | Orc:1    | Killed Snorg
 17066 | Orc:2    | Noticed Nessos
 17070 | Orc:2    | HP: 4/97 [Saint Roka/divine providence (9)]
 17230 | Orc:1    | Mangled by Saint Roka

Illustrated notes

Levels and vault maps discovered:
D:1:      dpeg_arrival_pits, layout_rooms
D:2:      layout_loops_corners, riverfiend_overflow_shadow_ancestor,
          first_ration, hangedman_decor_clover_reticule
D:3:      layout_loops_ring, tgw_fedhas, nrook_mini_vaults, uniq_terence,
          uniq_grinder
D:4:      layout_rooms, lemuel_doored_altar, serial_shops,
          nicolae_shop_behind_doors, ebering_ghost_sewer_f, minivault_11
D:5:      minmay_recursive_quarters, layout_gridville,
          minmay_temple_entry_purple_smoke, basic_altar,
          serial_co_window_serial, co_window_corner_a, co_window_paths_a,
          co_window_paths_b, co_window_paths_b, co_window_paths_a,
          co_window_broadway_a, co_window_2corner, co_window_cross_2,
          co_window_paths_c, co_window_4corner_b, co_window_paths_d,
          glass_columns_a, uniq_eustachio
D:6:      cheibrodos_two_vegetables, layout_layer_cave,
          nicolae_overflow_crystal_walls
D:7:      layout_gridville, uniq_duvessa
D:8:      minmay_the_grid_square_5x5_3x3 [minmay_the_grid_square_5x5_six,
          minmay_the_grid_square_5x5_six_small,
          minmay_the_grid_square_5x5_lines, minmay_the_grid_square_5x5_shrine1,
          minmay_the_grid_square_5x5_megaprize_diamond,
          minmay_the_grid_square_5x5_minimal,
          minmay_the_grid_square_5x5_shrine2,
          minmay_the_grid_square_5x5_hourglass,
          minmay_the_grid_square_5x5_mess], layout_basic,
          lemuel_zombie_altar_yredelemnul
D:9:      minmay_weird_star, layout_basic
D:10:     layout_rooms, david_lair_shrubbed, uniq_grum, uniq_erolcha,
          uniq_nergalle
D:11:     layout_basic, serial_shops, kennysheep_little_box,
          nicolae_shop_waterfront, kennysheep_mini, nicolae_shop_stone,
          uniq_erica
Temple:   regret_index_temple_sphere_string
Lair:1:   layout_roguey, worms_lemuel, grunt_megastairs_5
Orc:1:    layout_caves, uniq_josephine, uniq_urug
Orc:2:    st_orc_open, layout_diamond_mine, basic_altar, uniq_nessos,
          uniq_saint_roka, uniq_snorg

Skill      XL: |  1  2  3  4  5  6  7  8  9 10 11 12 |
---------------+-------------------------------------+-----
Conjurations   | 5 6 7 8 9 10 11 | 11.6
Dodging        | 2 3 4 5 6 7 |  7.9
Spellcasting   | 3 4 5 6 8 9 |  9.6
Fighting       | 1 2 3 4 5 6 |  6.8
Axes           | 1 2 |  2.0
Stealth        | 2 |  2.0
Invocations    | 3 5 7 8 9 |  9.0
Hexes          | 1 |  1.0
Throwing       | 1 |  1.0
Translocations | 1 |  1.0
Evocations     | |  0.6

Action                   |  1- 3 |  4- 6 |  7- 9 | 10-12 || total
-------------------------+-------+-------+-------+-------++-------
Melee: Unarmed           |     3 |       |       |       ||     3
       Spear             |    26 |    27 |       |       ||    53
       Tailslap          |     1 |     2 |    16 |    27 ||    46
       War axe           |       |     8 |   125 |   192 ||   325
       Staff             |       |       |     1 |    15 ||    16
Throw: Dart              |       |    12 |     2 |    13 ||    27
       Boomerang         |       |     1 |     2 |       ||     3
 Cast: Magic Dart        |    56 |    20 |    81 |    74 ||   231
       Searing Ray       |     5 |    13 |    32 |    30 ||    80
       Fulminant Prism   |       |       |    20 |   104 ||   124
       Blink             |       |       |       |     5 ||     5
Invok: Channel Magic     |       |       |       |     3 ||     3
 Abil: Evoke Flight      |       |       |       |     3 ||     3
Evoke: Wand              |       |       |       |     1 ||     1
  Use: Scroll            |     4 |     3 |     2 |     4 ||    13
       Potion            |     1 |       |     2 |    10 ||    13
 Stab: Sleeping          |     4 |     2 |     6 |     1 ||    13
       Distracted        |       |       |     1 |       ||     1
       Invisible         |       |       |       |     4 ||     4
  Eat: Chunk             |     5 |     6 |    20 |    24 ||    55
       Ration            |       |       |     1 |     2 ||     3
Armor: Skin              |    15 |    16 |    77 |   155 ||   263
Dodge: Dodged            |    21 |    35 |   112 |   344 ||   512
